 Dungeon Crawl Stone Soup version 0.18.1-50-g88ac8fd (webtiles) character file.

11823 ololoev the Thaumaturge (level 11, -14/54 HPs)
             Began as a Deep Elf Fire Elementalist on Nov 2, 2016.
             Was an Elder of Vehumet.
             Killed by divine providence
             ... invoked by a smoke demon
             ... summoned by a deep elf mage
              (16 damage)
             ... in a volcano.
             The game lasted 00:56:53 (5405 turns).

ololoev the Thaumaturge (DEFE)                      Turns: 5405, Time: 00:56:53

Health: -14/54     AC: 11    Str: 10    XL:     11   Next: 54%
Magic:  4/30       EV: 16    Int: 26    God:    Vehumet [****..]
Gold:   701        SH:  0    Dex: 15    Spells: 9 memorised, 11 levels left

rFire  . . .     SeeInvis .     a - +3 mace (protect)
rCold  + . .     Gourm    .     A - +1 robe of Vexation {rC+ MR+ Int+2}
rNeg   . . .     Faith    .     (no shield)
rPois  +         Spirit   .     k - +0 helmet
rElec  .         Dismiss  .     r - +0 cloak
rCorr  .         Reflect  .     (no gloves)
SustAt .         Harm     .     t - +0 pair of boots
MR     ++...                    (no amulet)
Stlth  ++........               K - ring of poison resistance
                                y - +3 ring of evasion

@: mighty, very resistant to hostile enchantments, unstealthy
A: no striking features
a: Renounce Religion

Inventory:

Hand Weapons
 a - a +3 mace of protection (weapon)
 b - a +1 scythe of flaming
 m - the +4 trident of Vanity {holy, Dex+3}
   (You found it on level 7 of the Dungeon)

   It has been blessed by the Shining One to cause great damage to the undead
   and demons.
   It affects your dexterity (+3).
Missiles
 p - a throwing net (quivered)
Armour
 k - a +0 helmet (worn)
 r - a +0 cloak (worn)
 t - a +0 pair of boots (worn)
 A - the +1 robe of Vexation (worn) {rC+ MR+ Int+2}
   (You took it off an orc priest on level 4 of the Dungeon)

   It affects your intelligence (+2).
   It protects you from cold.
   It affects your resistance to hostile enchantments.
 I - the cursed +0 large shield of Submission {rN+, unknown}
   (You found it on level 9 of the Dungeon)

   It protects you from negative energy.
   It has a curse placed upon it.
 L - a troll hide
Jewellery
 y - a +3 ring of evasion (left hand)
 K - a ring of poison resistance (right hand)
Wands
 B - a wand of digging (14/24)
Scrolls
 e - a scroll of magic mapping
 n - a scroll of teleportation
 o - a scroll of enchant armour {unknown}
 w - a scroll of immolation
 F - 3 scrolls of remove curse
 H - a scroll of random uselessness {unknown}
Potions
 d - a potion of brilliance {unknown}
 h - a potion of resistance {unknown}
 l - a potion of flight {unknown}
 u - a potion of ambrosia {unknown}
 z - a potion of lignification {unknown}
 C - a potion of mutation {unknown}
Books
 q - a book of Flames

   Spells                             Type                      Level
   a - Flame Tongue                   Conjuration/Fire             1
   b - Throw Flame                    Conjuration/Fire             2
   c - Conjure Flame                  Conjuration/Fire             3
   d - Inner Flame                    Hexes/Fire                   3
   e - Sticky Flame                   Conjuration/Fire             4
   f - Fireball                       Conjuration/Fire             5
 v - a book of Geomancy

   Spells                             Type                      Level
   a - Sandblast                      Earth                        1
   b - Passwall                       Transmutation/Earth          2
   c - Stone Arrow                    Conjuration/Earth            3
   d - Petrify                        Transmutation/Earth          4
   e - Lee's Rapid Deconstruction     Earth                        5
Miscellaneous
 J - a fan of gales (inert)
Comestibles
 c - 8 bread rations
 i - 4 meat rations
 E - 3 fruits
 G - 2 beef jerkies


   Skills:
 - Level 2.4 Dodging
 - Level 2.4 Stealth
 + Level 13.7 Spellcasting
 + Level 11.5 Conjurations
 + Level 12.0 Fire Magic


You had 11 spell levels left.
You knew the following spells:

 Your Spells              Type           Power        Failure   Level  Hunger
a - Flame Tongue          Conj/Fire      #####        1%          1    None
b - Conjure Flame         Conj/Fire      ######..     1%          3    None
c - Sticky Flame          Conj/Fire      ######..     1%          4    None
d - Fireball              Conj/Fire      ######....   1%          5    ##.....
e - Inner Flame           Hex/Fire       #####...     1%          3    None
f - Passwall              Trmt/Erth      ###.......   6%          2    None
g - Stone Arrow           Conj/Erth      #####.       1%          3    None
h - Olgreb's Toxic Radia  Pois           ###.....     11%         4    None
p - Apportation           Tloc           ###.......   3%          1    None
 You were in a volcano. You worshipped Vehumet. Vehumet was greatly pleased with you. You were hungry. You visited 3 branches of the dungeon, and saw 13 of its levels. You also visited: Volcano. You collected 701 gold pieces. #### ##≈≈## #§≈≈.## #§≈§≈.# ##≈§≈§.## #≈≈≈§...# ##≈§§.§.# #≈≈≈.@§.# #§§§3)§.# #§§§§e4.# ##§§≈..## #≈≈§≈.## ### ##≈§##.###..###.. ######.#....... ##           ####.....≈§§   ##§  #.....§≈§≈§≈

Notes
Turn   | Place    | Note
--------------------------------------------------------------
     0 | D:1      | ololoev the Deep Elf Fire Elementalist began the quest for the Orb.
     0 | D:1      | Reached XP level 1. HP: 10/10 MP: 6/6
     0 | D:1      | ololoev: !lg . -log
     0 | D:1      | beem: 3061. ololoev, XL13 DEFE, T:8111: http://crawl.xtahua.com/crawl/morgue/ololoev/morgue-ololoev-20161102-110538.txt
   150 | D:1      | Reached XP level 2. HP: 9/15 MP: 2/8
   334 | D:1      | Reached XP level 3. HP: 17/19 MP: 8/10
   339 | D:1      | Learned a level 3 spell: Conjure Flame
   343 | D:1      | Learned a level 3 spell: Inner Flame
   651 | D:2      | Reached skill level 4 in Spellcasting
   921 | D:5      | Entered Level 5 of the Dungeon
   979 | D:4      | Reached XP level 4. HP: 24/24 MP: 7/12
   985 | D:4      | Learned a level 4 spell: Sticky Flame
  1008 | D:4      | Noticed Menkaure
  1023 | D:4      | Killed Menkaure
  1023 | D:4      | Reached skill level 5 in Spellcasting
  1023 | D:4      | Reached XP level 5. HP: 8/28 MP: 7/14
  1056 | D:4      | Noticed Crazy Yiuf
  1065 | D:4      | Killed Crazy Yiuf
  1165 | D:4      | Reached skill level 5 in Fire Magic
  1165 | D:4      | Reached XP level 6. HP: 14/32 MP: 0/16
  1356 | D:4      | Noticed Duvessa
  1367 | D:4      | Noticed Grinder
  1369 | D:4      | Reached skill level 6 in Spellcasting
  1369 | D:4      | Killed Duvessa
  1371 | D:4      | Killed Grinder
  1371 | D:4      | Reached skill level 5 in Conjurations
  1371 | D:4      | Reached XP level 7. HP: 34/36 MP: 6/19
  1372 | D:4      | Noticed Dowan
  1408 | D:4      | Learned a level 5 spell: Fireball
  1435 | D:4      | Reached skill level 7 in Spellcasting
  1508 | D:4      | Killed Dowan
  1631 | D:5      | Noticed Edmund
  1718 | D:5      | Killed Edmund
  1718 | D:5      | Reached XP level 8. HP: 41/41 MP: 4/21
  1825 | D:5      | Noticed Blork the orc
  1836 | D:5      | Killed Blork the orc
  1924 | D:4      | Reached skill level 8 in Spellcasting
  1927 | D:4      | Got a shimmering robe
  1942 | D:5      | Identified the cursed +1 robe of Vexation {rC+ MR+ Int+2} (You took it off an orc priest on level 4 of the Dungeon)
  2000 | D:5      | Noticed Sigmund
  2037 | D:5      | Killed Sigmund
  2145 | D:5      | Noticed Eustachio
  2162 | D:5      | Killed Eustachio
  2591 | D:7      | Found a staircase to the Ecumenical Temple.
  2596 | Temple   | Entered the Ecumenical Temple
  2621 | Temple   | Became a worshipper of Vehumet
  2664 | D:7      | Reached skill level 9 in Spellcasting
  2735 | D:7      | Reached XP level 9. HP: 45/45 MP: 3/24
  2793 | D:7      | Got a pitted trident
  2794 | D:7      | Identified the +4 trident of Vanity {holy, Dex+3} (You found it on level 7 of the Dungeon)
  2919 | D:7      | Reached * piety under Vehumet
  2919 | D:7      | Offered knowledge of Shock by Vehumet.
  2938 | D:7      | Reached skill level 10 in Spellcasting
  3079 | D:7      | Learned a level 1 spell: Apportation
  3209 | D:8      | Learned a level 2 spell: Passwall
  3213 | D:8      | Learned a level 3 spell: Stone Arrow
  3371 | D:9      | Reached ** piety under Vehumet
  3378 | D:9      | Got a translucent large shield
  3405 | D:10     | Entered Level 10 of the Dungeon
  3514 | D:9      | Offered knowledge of Sting by Vehumet.
  3642 | D:9      | Reached skill level 11 in Spellcasting
  3669 | D:9      | Reached XP level 10. HP: 49/50 MP: 5/27
  3798 | D:9      | Reached skill level 10 in Fire Magic
  3843 | D:9      | Offered knowledge of Ignite Poison by Vehumet.
  3850 | D:9      | Found Xeefaytt's Food Shoppe.
  4134 | D:10     | Reached *** piety under Vehumet
  4134 | D:10     | Reached skill level 12 in Spellcasting
  4187 | D:11     | Noticed a hill giant
  4192 | D:11     | Killed a hill giant
  4192 | D:11     | Reached skill level 10 in Conjurations
  4300 | D:10     | Noticed a hill giant
  4412 | D:10     | Found a staircase to the Orcish Mines.
  4454 | D:10     | Killed a hill giant
  4578 | D:10     | Reached XP level 11. HP: 54/54 MP: 10/29
  4753 | Orc:1    | Entered Level 1 of the Orcish Mines
  4863 | Orc:1    | Noticed Josephine
  4875 | Orc:1    | Killed Josephine
  4875 | Orc:1    | Offered knowledge of Olgreb's Toxic Radiance by Vehumet.
  4875 | Orc:1    | Reached skill level 13 in Spellcasting
  5093 | Orc:1    | ololoev: @?fire bat
  5093 | Orc:1    | beem: fire bat (b)
                  | Spd:
    30 | HD: 5    | HP: 19-27
                  | AC/EV: 1/14
                  | Dam: 6(fire:5-9)
                  | see invisible, fly
                  | Res: magic(10), fire+++, blind
                  | Vul: cold, drown
                  | XP:
   197 | Sz: tiny | Int: animal.
  5115 | Orc:1    | jacquesderrida: La Liev...
  5118 | Orc:1    | ololoev: y ojakk
  5124 | Orc:1    | jacquesderrida: hi...........
  5127 | Orc:1    | jacquesderrida: laliev, schas 1792 boodet!
  5128 | Orc:1    | ololoev: 1792?
  5128 | Orc:1    | jacquesderrida: http://www.tobaccoreviews.com/blend/1004/samuel-gawith-1792-flake
  5128 | Orc:1    | jacquesderrida: H Y P E
  5128 | Orc:1    | jacquesderrida: Y
  5128 | Orc:1    | jacquesderrida: P
  5128 | Orc:1    | jacquesderrida: E
  5128 | Orc:1    | ololoev: aar lol
  5138 | Orc:1    | Learned a level 4 spell: Olgreb's Toxic Radiance
  5170 | Orc:1    | jacquesderrida: Da
  5257 | Orc:1    | Found a dark tunnel.
  5267 | Volcano  | Entered a volcano
  5315 | Volcano  | Noticed a deep elf mage
  5320 | Volcano  | Killed a deep elf mage
  5355 | Volcano  | jacquesderrida: Ооооо
  5362 | Volcano  | jacquesderrida: Пошло добро!
  5365 | Volcano  | Noticed a deep elf mage
  5376 | Volcano  | Killed a deep elf mage
  5376 | Volcano  | Reached **** piety under Vehumet
  5380 | Volcano  | Noticed a deep elf mage
  5382 | Volcano  | jacquesderrida: Полгода не курил, не было лишних денег
  5383 | Volcano  | jacquesderrida: И вот...
  5387 | Volcano  | jacquesderrida: Момент настал..........
  5397 | Volcano  | Noticed a deep elf mage
  5398 | Volcano  | jacquesderrida: упс
  5399 | Volcano  | HP: 1/54 [earth elemental[a deep elf mage] (8)]
  5403 | Volcano  | Killed a deep elf mage
  5405 | Volcano  | Killed from afar by a smoke demon

Dungeon Overview and Level Annotations

Branches:
Dungeon (11/15)            Temple (1/1) D:7             Orc (1/2) D:10
   Lair: D:8-11

Altars:
Cheibriados
Dithmenos
Elyvilon
Fedhas
Gozag
Kikubaaqudgha
Makhleb
Nemelex Xobeh
Okawaru
Pakellas
Qazlal
Sif Muna
Vehumet
Yredelemnul
The Shining One

Shops:
D:9 %


Message History

Casting: Fireball
Confirm with . or Enter, or press ? or * to list all spells.
Aiming: Fireball
Press: ? - help, Shift-Dir - straight line, f - deep elf mage
Aim: a deep elf mage, wielding a long sword of flaming and wearing a ring mail of fire resistance (moderately wounded)
The fireball explodes!
The fireball engulfs the deep elf mage.
The deep elf mage resists.
The deep elf mage is severely wounded.
The fireball engulfs the earth elemental.
The earth elemental completely resists.
Casting: Fireball
Confirm with . or Enter, or press ? or * to list all spells.
Aiming: Fireball
Press: ? - help, Shift-Dir - straight line, f/p - deep elf mage
Aim: a deep elf mage, wielding a long sword of flaming and wearing a ring mail of fire resistance (severely wounded)
The fireball explodes!
The fireball engulfs the deep elf mage.
The deep elf mage resists.
The deep elf mage is severely wounded.
The fireball engulfs the earth elemental.
The earth elemental completely resists.
The deep elf mage points at you and mumbles some strange words.
The stone arrow hits you!
Casting: Fireball
Confirm with . or Enter, or press ? or * to list all spells.
Aiming: Stone Arrow
Press: ? - help, Shift-Dir - straight line, f/p - deep elf mage
Aim: a deep elf mage, wielding a long sword of flaming and wearing a ring mail of fire resistance (severely wounded)
The stone arrow hits the deep elf mage.
The deep elf mage is almost dead.
The deep elf mage casts a spell at you. The stone arrow misses you.
Evoke which item? (* to show all) (? for menu, Esc to quit)
Okay, then.
There is a rocky tunnel leading out of this place here.
The deep elf mage hits you with a long sword of flaming.
The deep elf mage burns you. The earth elemental hits you!!
Things that are here:
a short sword of flaming; a ring mail of fire resistance The deep elf mage mumbles some strange words.
The deep elf mage blinks!
Things that are here:
a long sword of flaming; a leather armour of fire resistance Drink which item? (? for menu, Esc to quit)
Okay, then.
A deep elf mage comes into view.
It is wielding a short sword of flaming.
Read which item? (? for menu, Esc to quit)
Okay, then.
Read which item? (? for menu, Esc to quit)
As you read the scroll labeled XILLOO ZUNT, it crumbles to dust.
You hear a loud clanging noise!
It was a scroll of noise.
You hear a shout! x2
The deep elf mage mumbles some strange words.
Read which item? (? for menu, Esc to quit)
As you read the scroll labeled ZAVIONN MONTIC, it crumbles to dust.
You feel strangely unstable.
It was a scroll of teleportation.
The earth elemental hits you!
Drink which item? (? for menu, Esc to quit)
It was a potion of cancellation.
You feel strangely stable.
You feel magically purged.
The deep elf mage gestures wildly while chanting.
Drink which item? (? for menu, Esc to quit)
It was a potion of might.
You feel very mighty all of a sudden.
The deep elf mage casts a spell.
The deep elf mage gestures wildly while chanting.
The earth elemental closely misses you.
You thump the deep elf mage!
You kill the deep elf mage!
Vehumet accepts your kill.
Your Fire Magic skill increases to level 12!
The earth elemental disappears in a puff of smoke! x4
The smoke demon hits you but does no damage. x2
The smoke demon completely misses you. The deep elf mage misses you.
Things that are here:
a long sword of flaming; a ring mail of fire resistance; an elf corpse The smoke demon gestures at you.
Something smites you!
You die...

You could see a deep elf mage, a smoke demon and a red devil.

Vanquished Creatures
  Josephine (Orc:1)
  2 hill giants
  3 deep elf magi (Volcano)
  A merfolk (D:10)
  A troll (D:9)
  Grinder (D:4)
  7 wraiths
  Sigmund (D:5)
  3 wyverns (D:9)
  3 fire bats (Orc:1)
  Eustachio (D:5)
  11 yaks (D:10)
  3 hungry ghosts
  A steam dragon (D:7)
  Edmund (D:5)
  A warg (Orc:1)
  Menkaure (D:4)
  Duvessa (D:4)
  A sky beast (D:9)
  2 ice beasts
  5 orc warriors
  A black bear (D:7)
  3 ogres
  2 centaurs
  4 giant frogs
  Blork the orc (D:5)
  Dowan (D:4)
  10 wights
  8 killer bees
  2 crimson imps
  A howler monkey (D:9)
  Crazy Yiuf (D:4)
  A hound (D:7)
  6 orc priests
  A giant frog skeleton (D:10)
  15 orc wizards
  4 iguanas
  9 worker ants
  A hound zombie (D:9)
  A worker ant zombie (D:7)
  7 adders
  8 gnolls
  2 shadow imps
  An adder skeleton (D:7)
  A worm (D:4)
  3 dart slugs
  47 orcs
  6 bats
  3 giant cockroaches
  3 goblins
  6 hobgoblins
  5 jackals
  5 kobolds
  3 quokkas
  A ball python (D:6)
  A giant gecko skeleton (D:5)
  A giant gecko zombie (D:8)
  A giant newt (D:1)
  A quokka skeleton (D:9)
  A quokka zombie (D:5)
  2 rats
231 creatures vanquished.

Vanquished Creatures (collateral kills)
  A porcupine (D:11)
  A river rat (D:11)
2 creatures vanquished.

Grand Total: 233 creatures vanquished

Action                   |  1- 3 |  4- 6 |  7- 9 | 10-12 || total
-------------------------+-------+-------+-------+-------++-------
Melee: Unarmed           |     2 |       |       |       ||     2
       Mace              |       |     1 |     6 |    14 ||    21
       Scythe            |       |       |    57 |    10 ||    67
       Trident           |       |       |     2 |    13 ||    15
Throw: Throwing net      |       |       |       |     1 ||     1
 Cast: Flame Tongue      |    50 |    36 |    95 |    68 ||   249
       Conjure Flame     |       |     3 |    19 |     8 ||    30
       Inner Flame       |       |     2 |    11 |     4 ||    17
       Sticky Flame      |       |     2 |    20 |    12 ||    34
       Fireball          |       |       |    21 |    55 ||    76
       Stone Arrow       |       |       |     1 |    10 ||    11
       Olgreb's Toxic Ra |       |       |       |     1 ||     1
Evoke: Fan of gales      |       |       |       |     1 ||     1
       Wand              |       |       |       |     2 ||     2
  Use: Scroll            |       |       |     5 |     6 ||    11
       Potion            |       |       |       |     6 ||     6
  Eat: Chunk             |       |     2 |    11 |     9 ||    22
       Royal jelly       |       |       |     1 |       ||     1
       Beef jerky        |       |       |       |     1 ||     1
       Pizza             |       |       |       |     1 ||     1
Armor: Robe              |     1 |       |    22 |    36 ||    59
Dodge: Dodged            |     9 |     4 |    38 |    74 ||   125

Vault maps used:
D:1:      roderic_chinese_lattice_arrival
D:2:      first_bread, johnstein_pakellas_dig, uniq_jessica
D:3:      amethyst_overflow_temple_binary, nicolae_ru_awakened_eye
D:4:      nemelex_spade_bored_becter, uniq_duvessa, uniq_crazy_yiuf_cottage,
          uniq_menkaure, uniq_grinder
D:5:      basic_altar, uniq_edmund, uniq_blork_the_orc, uniq_sigmund,
          uniq_eustachio, uniq_pikel
D:7:      temple_doors_c
D:9:      serial_shops, shop
D:10:     orc_0_dummy, hangedman_fish_farm, minmay_stone_trees_large
D:11:     dpeg_lair_monsters
Temple:   grunt_circular_temple_18
Orc:1:    nicolae_volcano_entry_batcave, uniq_josephine
Volcano:  volcano_pools
